3A
LAKE ERIE ARRYNS @ EUGENE VANDALS
09/06/2037
 
TOP OF THE 1ST
Lake Erie Arryns batting - Pitching for Eugene Vandals : RHP Jesús Nasario
Pitching: RHP Jesús Nasario
Batting: RHB Adrian Chandler 0-0: Ball
1-0: SINGLE (Groundball, 6, EV 86.2 MPH) (infield hit)
Batting: RHB Scot Roberts 0-0: Fly out, F9 (Line Drive, 9D, EV 86.2 MPH)
Batting: RHB Brant Fields 0-0: Ball
Adrian Chandler is caught stealing 2nd base 2-4
1-0: Ball
2-0: Ball
3-0: Called Strike
3-1: Ground out 1-3 (Groundball, P, EV 80.0 MPH)
Top of the 1st over - 0 runs, 1 hit, 0 errors, 0 left on base; Lake Erie 0 - Eugene 0
BOTTOM OF THE 1ST
Eugene Vandals batting - Pitching for Lake Erie Arryns : RHP Greg Hoover
Pitching: RHP Greg Hoover
Batting: RHB Meshach Ashpenaz 0-0: Ground out 6-3 (Groundball, 6, EV 87.5 MPH)
Batting: RHB António Reyes 0-0: Called Strike
0-1: Fly out, F7 (Flyball, 7, EV 86.9 MPH)
Batting: RHB Myeong-keun Kim 0-0: Ground out 6-3 (Groundball, 56D, EV 82.5 MPH)
Bottom of the 1st over - 0 runs, 0 hits, 0 errors, 0 left on base; Lake Erie 0 - Eugene 0
TOP OF THE 2ND
Lake Erie Arryns batting - Pitching for Eugene Vandals : RHP Jesús Nasario
Batting: LHB Jimmy Wilcox 0-0: Foul Ball, location: 2F
0-1: Foul Ball, location: 2F
0-2: Ball
1-2: Strikes out swinging
Batting: RHB Ted Norman 0-0: Swinging Strike
0-1: Swinging Strike
0-2: Foul Ball, location: 2F
0-2: Strikes out swinging
Batting: RHB Beco Bnard 0-0: Ball
1-0: Ball
2-0: Ball
3-0: Base on Balls
Batting: RHB Jonathan Elmore 0-0: Called Strike
Beco Bnard steals 2nd base
0-1: Called Strike
0-2: Ball
1-2: Ball
2-2: Fly out, F7 (Line Drive, 7, EV 102.5 MPH)
Top of the 2nd over - 0 runs, 0 hits, 0 errors, 1 left on base; Lake Erie 0 - Eugene 0
BOTTOM OF THE 2ND
Eugene Vandals batting - Pitching for Lake Erie Arryns : RHP Greg Hoover
Batting: LHB Robby Sinor 0-0: Called Strike
0-1: Called Strike
0-2: DOUBLE (Line Drive, 9LS, EV 98.8 MPH)
Batting: RHB Xiao-yong Chu 0-0: Ball
1-0: Ground out 1-3 (Groundball, 13, EV 80.6 MPH)
Robby Sinor to third
Batting: RHB Chico Custardoi 0-0: Ball
1-0: Called Strike
1-1: Ball
2-1: Foul Ball, location: 2F
2-2: Foul Ball, location: 2F
2-2: Ground out 6-3 (Groundball, 6, EV 112.5 MPH)
Robby Sinor scores
Batting: LHB Arturo Gallago 0-0: Called Strike
0-1: Ball
1-1: Ball
2-1: Ball
3-1: Base on Balls
Batting: RHB Qian-fu Zhou 0-0: Ball
1-0: Ball
2-0: Swinging Strike
2-1: Swinging Strike
2-2: Ball
3-2: Foul Ball, location: 2F
3-2: Foul Ball, location: 2F
3-2: Strikes out swinging
Bottom of the 2nd over - 1 run, 1 hit, 0 errors, 1 left on base; Lake Erie 0 - Eugene 1
TOP OF THE 3RD
Lake Erie Arryns batting - Pitching for Eugene Vandals : RHP Jesús Nasario
Batting: RHB Patrick Mildren 0-0: Ground out 2-3 (Groundball, 2R, EV 74.4 MPH)
Batting: RHB Andy Hicks 0-0: Called Strike
0-1: Ball
1-1: Ball
2-1: Ball
3-1: Foul Ball, location: 2F
3-2: Foul Ball, location: 2F
3-2: Ground out 6-3 (Groundball, 6, EV 93.1 MPH)
Batting: RHB Adrian Chandler 0-0: Ball
1-0: Called Strike
1-1: Ball
2-1: Swinging Strike
2-2: Ball
3-2: Foul Ball, location: 2F
3-2: Fly out, F8 (Flyball, 8LS, EV 85.6 MPH)
Top of the 3rd over - 0 runs, 0 hits, 0 errors, 0 left on base; Lake Erie 0 - Eugene 1
BOTTOM OF THE 3RD
Eugene Vandals batting - Pitching for Lake Erie Arryns : RHP Greg Hoover
Batting: RHB Jorge Cruz 0-0: Called Strike
0-1: Ball
1-1: Foul Ball, location: 2F
1-2: Ball
2-2: Strikes out looking
Batting: RHB Meshach Ashpenaz 0-0: Ball
1-0: Ball
2-0: Ground out 5-3 (Groundball, 56S, EV 75.6 MPH)
Batting: RHB António Reyes 0-0: Ball
1-0: Called Strike
1-1: Foul Ball, location: 2F
1-2: Strikes out swinging
Bottom of the 3rd over - 0 runs, 0 hits, 0 errors, 0 left on base; Lake Erie 0 - Eugene 1
TOP OF THE 4TH
Lake Erie Arryns batting - Pitching for Eugene Vandals : RHP Jesús Nasario
Batting: RHB Scot Roberts 0-0: Ball
1-0: Swinging Strike
1-1: Called Strike
1-2: Ball
2-2: Ball
3-2: Ground out 5-3 (Groundball, 56S, EV 92.5 MPH)
Batting: RHB Brant Fields 0-0: Called Strike
0-1: Foul Ball, location: 2F
0-2: Foul Ball, location: 2F
0-2: Foul Ball, location: 2F
0-2: Strikes out looking
Batting: LHB Jimmy Wilcox 0-0: Called Strike
0-1: Foul Ball, location: 2F
0-2: Ground out 6-3 (Groundball, 6, EV 103.8 MPH)
Top of the 4th over - 0 runs, 0 hits, 0 errors, 0 left on base; Lake Erie 0 - Eugene 1
BOTTOM OF THE 4TH
Eugene Vandals batting - Pitching for Lake Erie Arryns : RHP Greg Hoover
Batting: RHB Myeong-keun Kim 0-0: Ball
1-0: Swinging Strike
1-1: Foul Ball, location: 2F
1-2: Strikes out looking
Batting: LHB Robby Sinor 0-0: Called Strike
0-1: SINGLE (Groundball, 34D, EV 96.9 MPH)
Batting: RHB Xiao-yong Chu 0-0: Ball
1-0: Swinging Strike
1-1: Ball
2-1: Foul Ball, location: 2F
2-2: Grounds into double play, 6-4-3 (Groundball, 6, EV 98.1 MPH)
Bottom of the 4th over - 0 runs, 1 hit, 0 errors, 0 left on base; Lake Erie 0 - Eugene 1
TOP OF THE 5TH
Lake Erie Arryns batting - Pitching for Eugene Vandals : RHP Jesús Nasario
Batting: RHB Ted Norman 0-0: Fly out, F2 (Popup, 3SF, EV 76.9 MPH)
Batting: RHB Beco Bnard 0-0: Foul Ball, location: 2F
0-1: Ball
1-1: Swinging Strike
1-2: Ball
2-2: Ball
3-2: Foul Ball, location: 2F
3-2: Ground out 5-3 (Groundball, 56, EV 85.0 MPH)
Batting: RHB Jonathan Elmore 0-0: Fly out, F2 (Popup, 3SF, EV 76.2 MPH)
Top of the 5th over - 0 runs, 0 hits, 0 errors, 0 left on base; Lake Erie 0 - Eugene 1
BOTTOM OF THE 5TH
Eugene Vandals batting - Pitching for Lake Erie Arryns : RHP Greg Hoover
Batting: RHB Chico Custardoi 0-0: SINGLE (Line Drive, 6D, EV 103.1 MPH)
Batting: LHB Arturo Gallago 0-0: Ball
1-0: Bunted foul
1-1: Sac Bunt to 15S - play at first, batter OUT! 1-4
Chico Custardoi to second
Batting: RHB Qian-fu Zhou 0-0: Called Strike
0-1: SINGLE (Line Drive, 7LS, EV 105.6 MPH)
Chico Custardoi to third
Throwing error, E7
Chico Custardoi scores
Qian-fu Zhou to second
Batting: RHB Jorge Cruz 0-0: Ball
1-0: Ground out 4-3 (Groundball, 4M, EV 104.4 MPH)
Qian-fu Zhou to third
Batting: RHB Meshach Ashpenaz 0-0: Ball
1-0: Ball
2-0: Foul Ball, location: 2F
2-1: Called Strike
2-2: Strikes out swinging
Bottom of the 5th over - 1 run, 2 hits, 1 error, 1 left on base; Lake Erie 0 - Eugene 2
TOP OF THE 6TH
Lake Erie Arryns batting - Pitching for Eugene Vandals : RHP Jesús Nasario
Batting: RHB Patrick Mildren 0-0: Called Strike
0-1: Called Strike
0-2: Ball
1-2: SINGLE (Line Drive, 4MD, EV 98.8 MPH)
Batting: RHB Andy Hicks 0-0: Ball
1-0: Called Strike
1-1: Called Strike
1-2: Strikes out swinging
Batting: RHB Adrian Chandler 0-0: Ball
1-0: Ball
2-0: Ball
3-0: Called Strike
3-1: Base on Balls
Patrick Mildren to second
Pinch Runner at 2nd Nick Payne:
Batting: RHB Scot Roberts 0-0: Called Strike
0-1: Fielders Choice at 2nd, 5-4 (Groundball, 5, EV 103.1 MPH)
Nick Payne to third
Batting: RHB Brant Fields 0-0: Ball
1-0: Called Strike
1-1: Foul Ball, location: 2F
1-2: SINGLE (Flyball, 7LS, EV 95.0 MPH)
Nick Payne scores
Scot Roberts to second
Batting: LHB Jimmy Wilcox 0-0: Ball
1-0: SINGLE (Groundball, 34D, EV 106.9 MPH)
Scot Roberts to third
Brant Fields to second
Runner from 3rd tries for Home, throw by RF and OUT! 9-2
Top of the 6th over - 1 run, 3 hits, 0 errors, 2 left on base; Lake Erie 1 - Eugene 2
BOTTOM OF THE 6TH
Eugene Vandals batting - Pitching for Lake Erie Arryns : RHP Greg Hoover
Now at 3B: Nick Payne
Batting: RHB António Reyes 0-0: Ball
1-0: Ground out 5-3 (Groundball, 56S, EV 85.0 MPH)
Batting: RHB Myeong-keun Kim 0-0: Ball
1-0: Ball
2-0: Foul Ball, location: 2F
2-1: Foul Ball, location: 2F
2-2: Foul Ball, location: 2F
2-2: DOUBLE (Groundball, 5L, EV 103.1 MPH)
Pitching: LHP Luis Matos
Batting: LHB Robby Sinor 0-0: Ball
1-0: Ball
2-0: Called Strike
2-1: Fly out, F2 (Popup, 3SF, EV 88.8 MPH)
Batting: RHB Xiao-yong Chu 0-0: Foul Ball, location: 2F
0-1: Called Strike
0-2: Foul Ball, location: 2F
0-2: Ball
1-2: Strikes out looking
Bottom of the 6th over - 0 runs, 1 hit, 0 errors, 1 left on base; Lake Erie 1 - Eugene 2
TOP OF THE 7TH
Lake Erie Arryns batting - Pitching for Eugene Vandals : RHP Jesús Nasario
Batting: RHB Ted Norman 0-0: Called Strike
0-1: Ball
1-1: Swinging Strike
1-2: Ball
2-2: Fly out, F9 (Flyball, 9LM, EV 106.9 MPH)
Batting: RHB Beco Bnard 0-0: Ball
1-0: Ground out U3 (Groundball, 3, EV 82.5 MPH)
Batting: RHB Jonathan Elmore 0-0: Ground out 6-3 (Groundball, 6, EV 103.8 MPH)
Top of the 7th over - 0 runs, 0 hits, 0 errors, 0 left on base; Lake Erie 1 - Eugene 2
BOTTOM OF THE 7TH
Eugene Vandals batting - Pitching for Lake Erie Arryns : LHP Luis Matos
Batting: RHB Chico Custardoi 0-0: Ball
1-0: Ball
2-0: Ground out 6-3 (Groundball, 6, EV 81.2 MPH)
Batting: LHB Arturo Gallago 0-0: Foul Ball, location: 2F
0-1: Ball
1-1: Foul Ball, location: 2F
1-2: Strikes out swinging
Batting: RHB Qian-fu Zhou 0-0: Ball
1-0: Called Strike
1-1: Ball
2-1: Called Strike
2-2: Fly out, F8 (Flyball, 8RS, EV 88.1 MPH)
Bottom of the 7th over - 0 runs, 0 hits, 0 errors, 0 left on base; Lake Erie 1 - Eugene 2
TOP OF THE 8TH
Lake Erie Arryns batting - Pitching for Eugene Vandals : RHP Jesús Nasario
Batting: RHB Nick Payne 0-0: Called Strike
0-1: Called Strike
0-2: Hit by Pitch
Pitching: RHP Bjorn Hondelink
Pinch Hitting: RHB Wang Gai 0-0: Ball
1-0: Ball
2-0: Called Strike
2-1: Grounds into double play, 4-6-3 (Groundball, 4, EV 99.4 MPH)
Batting: RHB Adrian Chandler 0-0: Ball
1-0: Foul Ball, location: 2F
1-1: Foul Ball, location: 2F
1-2: Fly out, F5 (Popup, 56S, EV 66.9 MPH)
Top of the 8th over - 0 runs, 0 hits, 0 errors, 0 left on base; Lake Erie 1 - Eugene 2
BOTTOM OF THE 8TH
Eugene Vandals batting - Pitching for Lake Erie Arryns : LHP Luis Matos
Now at 1B: António Gómez
Batting: RHB Jorge Cruz 0-0: Ball
1-0: Swinging Strike
1-1: DOUBLE (Line Drive, 78XD, EV 107.5 MPH)
Batting: RHB Meshach Ashpenaz 0-0: Intentional Walk
Batting: RHB António Reyes 0-0: Bunt missed!
0-1: Sac Bunt to P - play at third, runner OUT! 1-5
Meshach Ashpenaz to second
Batting: RHB Myeong-keun Kim 0-0: Foul Ball, location: 2F
0-1: Foul Ball, location: 2F
0-2: Foul Ball, location: 2F
0-2: Ball
1-2: Foul Ball, location: 2F
1-2: Strikes out swinging
Batting: LHB Robby Sinor 0-0: Ball
Meshach Ashpenaz is caught stealing 3rd base 2-5
Bottom of the 8th over - 0 runs, 1 hit, 0 errors, 1 left on base; Lake Erie 1 - Eugene 2
TOP OF THE 9TH
Lake Erie Arryns batting - Pitching for Eugene Vandals : RHP Bjorn Hondelink
Pitching: LHP Esteban Vásquez
Batting: RHB Scot Roberts 0-0: Ground out 6-3 (Groundball, 56S, EV 65.6 MPH)
Batting: RHB Brant Fields 0-0: Ball
1-0: Called Strike
1-1: Called Strike
1-2: Ground out 6-3 (Groundball, 6S, EV 89.4 MPH)
Pinch Hitting: RHB Mike Branch 0-0: Ball
1-0: Foul Ball, location: 2F
1-1: Called Strike
1-2: Ball
2-2: Strikes out swinging
Top of the 9th over - 0 runs, 0 hits, 0 errors, 0 left on base; Lake Erie 1 - Eugene 2
Thursday, January 23rd, 2020 - OOTP Baseball 20.8 Build 74